 Dungeon Crawl Stone Soup version 0.25-a0-547-g27a0b5d (webtiles) character file.

Game seed: 5929932692096129521, levelgen mode: deterministic

74036 CanOfBees the Destroyer (level 14, -10/124 HPs)
             Began as a Demigod Conjurer on Feb 21, 2020.
             Killed by divine providence
             ... invoked by a meliai
              (12 damage)
             ... on level 15 of the Dungeon.
             The game lasted 01:39:24 (33814 turns).

CanOfBees the Destroyer (Demigod Conjurer)         Turns: 33814, Time: 01:39:25

Health: -10/124    AC: 27    Str: 15    XL:     14   Next: 63%
Magic:  21/32      EV: 15    Int: 31    God:
Gold:   3147       SH:  8    Dex: 16    Spells: 13/33 levels left

rFire    + . .     SeeInvis .   y - +7 long sword (flame)
rCold    + . .     Gourm    .   Z - +3 buckler
rNeg     . . .     Faith    .   x - +9 scale mail "Noytweul" {+Blink rPois MR++}
rPois    +         Spirit   .   v - +2 helmet
rElec    .         Reflect  .   k - scarf {rC+ rF+}
rCorr    .         Harm     .   L - +2 pair of gloves
MR       +++..                  X - +2 pair of boots "Wawegan" {+Blink rPois}
Stlth    +.........             n - amulet of regeneration
HPRegen  0.70/turn              T - +4 ring of strength
MPRegen  0.23/turn              r - +4 ring of intelligence

@: no status effects
A: high mp 1
a: Evoke Blink


You were on level 15 of the Dungeon.
You were near starving.

You visited 2 branches of the dungeon, and saw 21 of its levels.
You visited 1 bazaar.
You also visited: Gauntlet.

You collected 4998 gold pieces.
You spent 1851 gold pieces at shops.

Inventory:

Hand Weapons
 y - a +7 long sword of flaming (weapon)
Missiles
 g - 19 javelins
 p - 12 boomerangs
 s - 3 atropa-tipped darts
 w - 4 curare-tipped darts (quivered)
 D - 481 arrows
 G - 67 poisoned darts
 I - 840 stones
 M - 2 throwing nets
Armour
 k - a scarf of resistance (worn)
 v - a +2 helmet (worn)
 x - the +9 scale mail "Noytweul" (worn) {+Blink rPois MR++}
   (You found it on level 3 of the Lair of Beasts)

   It protects you from poison.
   It affects your resistance to hostile enchantments.
   It lets you blink.
   If you remove this armour, your AC will decrease by 17 (27 -> 10).
 L - a +2 pair of gloves (worn)
 Q - a +1 cloak
 X - the +2 pair of boots "Wawegan" (worn) {+Blink rPois}
   (You found it in a Gauntlet)

   It protects you from poison.
   It lets you blink.
   If you remove this armour, your AC will decrease by 4 (27 -> 23).
 Z - a +3 buckler (worn)
Magical Staves
 Y - an uncursed staff of earth
Jewellery
 d - the ring "Ezefurur" {+Fly Dex+2}
   (You found it on level 10 of the Dungeon)

   [ring of flight]

   It affects your dexterity (+2).
   It lets you fly.
 i - the ring of Loskien {*Drain +Fly rF+++ MP+9 Stlth-}
   (You found it on level 6 of the Lair of Beasts)

   [ring of attention]

   It renders you almost immune to fire.
   It affects your magic capacity (+9).
   It lets you fly.
   It causes draining when unequipped.
   It makes you less stealthy.
 n - an amulet of regeneration (around neck)
 r - a +4 ring of intelligence (right hand)
 A - a +2 ring of evasion
 K - an uncursed ring of resist corrosion
 O - the ring of Conformity {-Tele rPois rC+ EV+5, unknown}
   (You found it in a Gauntlet)

   [ring of evasion]

   It affects your evasion (+5).
   It protects you from cold.
   It protects you from poison.
   It prevents most forms of teleportation.
 T - a +4 ring of strength (left hand)
Wands
 h - a wand of clouds (1)
 m - a wand of paralysis (4)
 t - a wand of polymorph (16)
 u - a wand of digging (7)
 P - a wand of flame (67)
 S - a wand of scattershot (4)
 V - a wand of acid (14)
 W - a wand of iceblast (40)
Scrolls
 f - 7 scrolls of remove curse
 l - 2 scrolls of immolation
 q - a scroll of fear
 E - 3 scrolls of vulnerability
 H - a scroll of magic mapping
 R - a scroll of enchant armour
Potions
 a - 2 potions of brilliance
 b - 2 potions of berserk rage {unknown}
 j - 6 potions of curing
 o - 2 potions of cancellation {unknown}
 z - 2 potions of degeneration {unknown}
 B - a potion of ambrosia
 C - 3 potions of stabbing {unknown}
 J - 3 potions of haste
 N - 3 potions of flight {unknown}
Comestibles
 c - 38 rations
 F - 10 chunks of flesh


   Skills:
 + Level 11.0 Fighting
 - Level 8.0 Armour
 - Level 10.0 Dodging
 - Level 1.7 Stealth
 - Level 4.0 Shields
 - Level 10.0 Spellcasting
 + Level 12.5 Conjurations
 - Level 6.0 Hexes
 - Level 2.1 Necromancy
 - Level 4.0 Translocations
 + Level 3.6 Air Magic


You had 13 spell levels left.
You knew the following spells:

 Your Spells              Type           Power        Failure   Level  Hunger
a - Magic Dart            Conj           ####         1%          1    None
b - Searing Ray           Conj           ######       1%          2    None
c - Dazzling Flash        Conj/Hex       ######       1%          3    None
d - Fulminant Prism       Conj/Hex       ######....   2%          4    None
e - Iskenderun's Mystic   Conj/Tloc      ######..     3%          4    None
f - Corona                Hex            ######.      1%          1    None
g - Apportation           Tloc           #####.       1%          1    None
h - Animate Skeleton      Necr           N/A          4%          1    None
i - Mephitic Cloud        Conj/Pois/Air  #####...     3%          3    None

Your spell library contained the following spells:

 Spells                   Type           Power        Failure   Level  Hunger
 Foxfire                  Conj/Fire      ####         1%          1    None
 Shock                    Conj/Air       ####         1%          1    None
 Confusing Touch          Hex            ######..     2%          3    None
 Conjure Flame            Conj/Fire      ######..     2%          3    None
 Blink                    Tloc           N/A          3%          2    None
 Gell's Gravitas          Tloc           #####.....   6%          3    None
 Lesser Beckoning         Tloc           #####.....   6%          3    None
 Teleport Other           Tloc           #####...     6%          3    None
 Shroud of Golubria       Chrm/Tloc      ####..       7%          2    None
 Sublimation of Blood     Necr           ####......   7%          2    None
 Poisonous Vapours        Pois/Air       ####..       8%          2    None
 Swiftness                Chrm/Air       ####....     8%          2    None
 Sticky Flame             Conj/Fire      ######..     8%          4    None
 Inner Flame              Hex/Fire       ####....     9%          3    None
 Sting                    Tmut/Pois      ###.         11%         1    None
 Summon Small Mammal      Summ           ###.         11%         1    None
 Lightning Bolt           Conj/Air       ######....   11%         5    ###....
 Song of Slaying          Chrm           ###.....     16%         2    None
 Passage of Golubria      Tloc           N/A          21%         4    None
 Fireball                 Conj/Fire      ######....   22%         5    ###....
 Irradiate                Conj/Tmut      ######....   22%         5    ###....
 Iskenderun's Battlesphe  Conj/Chrm      ######..     22%         5    ###....
 Ignite Poison            Fire/Tmut/Pois ###.....     30%         3    None
 Spider Form              Tmut/Pois      ###.......   30%         3    None
 Silence                  Hex/Air        #####.....   36%         5    ###....
 Orb of Destruction       Conj           #######...   45%         7    ######.
 Bolt of Magma            Conj/Fire/Erth #####.....   47%         5    ###....
 Metabolic Englaciation   Hex/Ice        ####......   63%         5    ###....
 Yara's Violent Unravell  Hex/Tmut       ####......   63%         5    ###....
 Olgreb's Toxic Radiance  Pois           ###.....     71%         4    None
 Petrify                  Tmut/Erth      ###.....     71%         4    None
 Iron Shot                Conj/Erth      ######....   77%         6    #####..
 Freezing Cloud           Conj/Ice/Air   #####.....   87%         6    #####..
 Excruciating Wounds      Chrm/Necr      ###.......   88%         5    ###....
 Alistair's Intoxication  Tmut/Pois      ###.....     96%         5    ###....
 Eringya's Noxious Bog    Tmut/Pois      ###.......   100%        6    #####..
 Ring of Flames           Chrm/Fire      ###.......   100%        7    ######.
 Spellforged Servitor     Conj/Summ      ######....   100%        7    ######.
 Chain Lightning          Conj/Air       ######....   100%        8    #######
 Lehudib's Crystal Spear  Conj/Erth      ######....   100%        8    #######
 Fire Storm               Conj/Fire      ######....   100%        9    #######
 Glaciate                 Conj/Ice       ######....   100%        9    #######


Dungeon Overview and Level Annotations

Branches:
Dungeon (15/15)            Temple (0/1) D:4            Lair (6/6) D:10
 Shoals (0/4) Lair:2       Spider (0/4) Lair:3        Slime (0/5) Lair:6
    Orc (0/2) D:9         Gauntlet (visited)
 Vaults: D:13-14     Depths: D:15

Shops:
D:4 :

Annotations:
D:3 1 runed translucent door, Wuag's ghost, amateur DsAK
D:7 exclusion: door
D:14 Louise
Lair:4 1 runed translucent door


Innate Abilities, Weirdness & Mutations

You have an increased reservoir of magic. (+10% MP)


Message History

The meliai hits your manticore skeleton with a +0 war axe!
Your manticore skeleton bites the meliai!
Your manticore skeleton claws the meliai but does no damage.
Your manticore skeleton claws the meliai.
Unknown command.
Okay, then.
Okay, then.
Casting: Animate Skeleton (safe; 4% risk of failure)
Confirm with . or Enter, or press ? or * to list all spells.
Okay, then.
You feel better.
The meliai hits your manticore skeleton with a +0 hand axe.
The meliai stings your manticore skeleton!
Your manticore skeleton is destroyed!
The meliai mumbles some strange prayers to its god against you.
Something smites you!
* * * LOW HITPOINT WARNING * * *
The meliai mumbles some strange prayers to its god against you.
Something smites you!
You die...

#..Z.%≈≈≈..≈≈≈
########%♣P♣♣≈≈≈. #####
........♣♣♣♣ ≈≈♣♣♣ ♣♣.....
..........♣♣ .≈♣ .♣.......
...........♣♣♣≈♣ .........
............♣♣≈♣♣♣........
............♣≈(♣♣y........
..............)Z(y........
...........(.@()y.........
..#############.(....#####
.. #.......... #..........
#........... #...........
#........... #..........
#.........


You could see 3 meliai and a friendly orc knight skeleton.

Vanquished Creatures
  A dire elephant (Lair:5)
  A minotaur (Gauntlet)
  Josephine (D:11)
  4 hydras
  4 catoblepae
  3 centaur warriors
  4 two-headed ogres
  9 death yaks
  A death drake (Gauntlet)
  A wizard (D:14)
  5 skeletal warriors
  An unseen horror (D:13)
  Pikel (D:3)
  An orc knight (D:15)
  A lindwurm (Lair:3)
  An orb spider (Lair:3)
  4 manticores
  A wolf spider zombie (Gauntlet)
  A faun (shapeshifter) (D:12)
  5 ugly things
  2 cyclopes
  A spectral centaur (Gauntlet)
  3 elephants
  6 black mambas
  A centaur skeleton (D:14)
  A torpor snail (Lair:2)
  5 spiny frogs
  Maggie (Lair:2)
  2 minotaur zombies (Gauntlet)
  5 rime drakes
  7 komodo dragons
  2 tengu conjurers (D:13)
  5 trolls
  A hornet (D:9)
  5 blink frogs
  A raiju (shapeshifter) (D:14)
  9 hippogriffs
  A raiju (Gauntlet)
  3 dream sheep
  8 slime creatures
  A shadow (D:11)
  64 yaks
  A spriggan (D:7)
  4 wraiths (D:11)
  3 wyverns
  A neqoxec (Gauntlet)
  2 basilisks (Lair:1)
  2 chaos spawn (Gauntlet)
  A hungry ghost (D:11)
  4 vampire mosquitoes (D:12)
  2 acid dragons
  3 porcupines
  12 water moccasins
  8 orc warriors
  2 sky beasts
  7 ice beasts
  A slave (D:3)
  A black bear (D:4)
  2 necrophages
  4 ogres
  3 phantoms
  11 wolves
  12 centaurs
  5 crocodiles
  10 bullfrogs
  3 big kobolds
  2 wyvern skeletons
  A water moccasin skeleton (D:7)
  4 scorpions
  A vampire bat (D:5)
  5 killer bees (D:9)
  4 electric eels (D:10)
  9 howler monkeys
  12 wights
  4 crimson imps
  A bullfrog zombie (D:10)
  4 centaur zombies
  8 orc priests
  9 hounds
  4 bullfrog skeletons
  2 jellies
  5 iguanas
  12 orc wizards
  15 worker ants
  A lightning spire (Gauntlet)
  A killer bee zombie (D:6)
  A hound zombie (D:9)
  A hound skeleton (D:3)
  A howler monkey zombie (D:7)
  3 worker ant zombies
  Robin (D:3)
  14 adders
  4 gnolls
  3 shadow imps
  An ooze (D:5)
  2 worms
  A worm (shapeshifter) (D:14)
  A dart slug (D:1)
  3 fire bats (D:5)
  5 leopard geckos
  34 orcs
  2 spectral bats (D:5)
  17 bats
  3 bat skeletons (D:5)
  A bat zombie (D:5)
  3 giant cockroaches
  7 hobgoblins
  9 jackals
  24 kobolds
  5 quokkas
  A bat simulacrum (D:5)
  7 frilled lizards
  12 goblins
  2 leopard gecko skeletons
  6 rats
  2 fungi (Lair:6)
  2 plants
570 creatures vanquished.

Vanquished Creatures (collateral kills)
  Gastronok (Lair:3)
  A hydra (Lair:5)
  A centaur warrior (D:13)
  An unseen horror (D:14)
  2 ugly things (D:15)
  A manticore (Lair:6)
  8 elephants
  A black mamba (Lair:4)
  3 spiny frogs
  2 komodo dragons
  A rime drake (Lair:5)
  3 blink frogs (Lair:3)
  A slime creature (Lair:6)
  A hippogriff (Lair:3)
  A dream sheep (Lair:6)
  8 yaks
  A human (D:14)
  A basilisk (D:12)
  2 porcupines
  5 centaurs
  A bullfrog (Lair:1)
  A quasit (D:11)
  An orc priest (D:12)
  A butterfly (Lair:2)
  2 fungi (Lair:2)
  A plant (Lair:2)
52 creatures vanquished.

Vanquished Creatures (others)
  A human (D:14)
  An orc warrior (D:15)
  60 fulminant prisms
  15 fungi
  35 plants
  17 toadstools (Lair:4)
129 creatures vanquished.

Grand Total: 751 creatures vanquished

Notes
Turn   | Place    | Note
-------+----------+-------------------------------------------
     0 | D:1      | CanOfBees the Demigod Conjurer began the quest for the Orb.
     0 | D:1      | Reached XP level 1. HP: 14/14 MP: 5/5
    57 | D:1      | Noticed a five-headed hydra
    57 | D:1      | Noticed an iguana
    57 | D:1      | Noticed a redback
    57 | D:1      | Noticed a polar bear
   599 | D:1      | Reached XP level 2. HP: 22/22 MP: 5/7
  1098 | D:1      | Learned a level 2 spell: Searing Ray
  1361 | D:2      | Reached skill level 4 in Conjurations
  1452 | D:2      | Reached XP level 3. HP: 27/27 MP: 4/8
  1525 | D:2      | Reached skill level 1 in Fighting
  2821 | D:3      | Found a runed translucent door.
  2822 | D:3      | Noticed a bullfrog
  2825 | D:3      | Noticed Wuag's ghost (amateur DsAK)
  2965 | D:3      | Reached XP level 4. HP: 35/35 MP: 5/10
  3099 | D:3      | Noticed Robin
  3123 | D:3      | Killed Robin
  3279 | D:3      | Learned a level 3 spell: Dazzling Flash
  3949 | D:4      | Noticed Pikel
  3987 | D:4      | Reached XP level 5. HP: 41/41 MP: 5/11
  4103 | D:4      | Noticed an ogre
  4108 | D:4      | Killed an ogre
  4108 | D:4      | Reached skill level 5 in Conjurations
  4165 | D:4      | Found Hythia's Book Shop.
  4309 | D:4      | Noticed a black bear
  4338 | D:4      | Killed a black bear
  4338 | D:4      | Reached XP level 6. HP: 48/48 MP: 7/13
  4422 | D:4      | Found a staircase to the Ecumenical Temple.
  5162 | D:3      | Learned a level 4 spell: Fulminant Prism
  5183 | D:3      | Killed Pikel
  5183 | D:3      | Reached skill level 6 in Conjurations
  5183 | D:3      | Reached XP level 7. HP: 35/57 MP: 6/15
  5343 | D:4      | Found a glowing golden altar of the Shining One.
  5478 | D:5      | Entered Level 5 of the Dungeon
  6218 | D:5      | Reached skill level 1 in Hexes
  6618 | D:5      | Reached XP level 8. HP: 45/66 MP: 12/17
  8021 | D:6      | Reached skill level 7 in Conjurations
  8421 | D:6      | Reached skill level 5 in Dodging
  8735 | D:6      | Learned a level 4 spell: Iskenderun's Mystic Blast
  9013 | D:6      | Reached XP level 9. HP: 70/72 MP: 14/19
  9462 | D:4      | Bought a book of Cantrips for 240 gold pieces
  9465 | D:4      | Learned a level 1 spell: Corona
  9467 | D:4      | Learned a level 1 spell: Apportation
  9635 | D:6      | Reached skill level 1 in Translocations
  9760 | D:7      | Reached skill level 5 in Fighting
  9760 | D:7      | Reached skill level 5 in Spellcasting
 11023 | D:7      | Noticed a manticore
 11690 | D:8      | Reached skill level 8 in Conjurations
 12878 | D:9      | Reached XP level 10. HP: 73/83 MP: 7/22
 13554 | D:9      | Found a staircase to the Orcish Mines.
 14045 | D:10     | Entered Level 10 of the Dungeon
 14359 | D:10     | Reached skill level 9 in Conjurations
 14454 | D:10     | Noticed a two-headed ogre
 14461 | D:10     | Killed a two-headed ogre
 14889 | D:10     | Got a vibrating lapis lazuli ring
 15321 | D:10     | Reached XP level 11. HP: 88/91 MP: 19/24
 15479 | D:10     | Found a staircase to the Lair.
 15848 | Lair:1   | Entered Level 1 of the Lair of Beasts
 16041 | Lair:1   | Learned a level 1 spell: Animate Skeleton
 16078 | Lair:1   | You fall into a shaft and drop 1 floor!
 16101 | Lair:2   | Reached skill level 1 in Necromancy
 16150 | Lair:2   | Reached skill level 10 in Conjurations
 16261 | Lair:2   | Noticed Maggie
 16275 | Lair:2   | Killed Maggie
 16462 | Lair:2   | Noticed a death yak
 16463 | Lair:2   | Noticed a death yak
 16465 | Lair:2   | Noticed a death yak
 17117 | Lair:1   | Reached skill level 5 in Hexes
 17190 | Lair:1   | Found an ornate altar of the Wu Jian Council.
 17200 | Lair:1   | Noticed a five-headed hydra
 17278 | Lair:1   | Killed a five-headed hydra
 17283 | D:10     | Identified the ring "Ezefurur" {+Fly Dex+2} (You found it
                  | on level 10 of the Dungeon)
 18665 | Lair:2   | Found a staircase to the Shoals.
 18780 | Lair:2   | Killed a death yak
 19114 | Lair:2   | Killed a death yak
 19139 | Lair:2   | Killed a death yak
 19139 | Lair:2   | Reached XP level 12. HP: 94/101 MP: 2/27
 20011 | Lair:3   | Reached skill level 1 in Armour
 20046 | Lair:3   | Noticed Gastronok
 20057 | Lair:3   | Killed Gastronok
 20163 | Lair:3   | Reached skill level 11 in Conjurations
 20395 | Lair:3   | Got a fine scale mail
 20514 | Lair:3   | Found a hole to the Spider Nest.
 20929 | Lair:3   | Identified the +9 scale mail "Noytweul" {+Blink rPois MR++}
                  | (You found it on level 3 of the Lair of Beasts)
 21800 | Lair:4   | Noticed a catoblepas
 21800 | Lair:4   | Noticed a dire elephant
 21820 | Lair:4   | Found a runed translucent door.
 23058 | Lair:5   | Noticed a six-headed hydra
 23065 | Lair:5   | Killed a three-headed hydra
 23152 | Lair:5   | Noticed a dire elephant
 23179 | Lair:5   | Killed a dire elephant
 23203 | Lair:5   | Reached skill level 5 in Armour
 23972 | Lair:6   | Entered Level 6 of the Lair of Beasts
 24009 | Lair:6   | Found a staircase to the Slime Pits.
 24024 | Lair:5   | Reached XP level 13. HP: 101/111 MP: 30/30
 24052 | Lair:5   | Reached skill level 1 in Shields
 24078 | Lair:6   | Got a brightly glowing glass ring
 24394 | Lair:6   | Identified the ring of Loskien {*Drain +Fly rF+++ MP+9
                  | Stlth-} (You found it on level 6 of the Lair of Beasts)
 24544 | Lair:6   | Got a faintly glowing robe
 25044 | Lair:6   | Identified 2 scrolls of acquirement
 25044 | Lair:6   | Identified the +0 hat "Sumarredd" {Str+5} (You acquired it
                  | on level 6 of the Lair of Beasts)
 25458 | Lair:6   | Reached skill level 12 in Conjurations
 25830 | Lair:6   | Identified the +2 lajatang "Cupol" {venom, Int+2} (You
                  | acquired it on level 6 of the Lair of Beasts)
 25908 | Lair:6   | Reached skill level 10 in Fighting
 26888 | D:11     | Noticed Josephine
 26903 | D:11     | Killed Josephine
 27736 | D:12     | Found a flickering gateway to a bazaar.
 27753 | Bazaar   | Entered a bazaar
 27758 | Bazaar   | Found Nest's Magic Scroll Boutique.
 27789 | Bazaar   | Found Moadaul's Gadget Emporium.
 27809 | Bazaar   | Found Bopseppe's Gadget Shoppe.
 27965 | Bazaar   | Bought a scroll of identify for 16 gold pieces
 27965 | Bazaar   | Bought a scroll of immolation for 28 gold pieces
 27965 | Bazaar   | Bought a scroll of magic mapping for 28 gold pieces
 27965 | Bazaar   | Bought a scroll of amnesia for 28 gold pieces
 27965 | Bazaar   | Bought a scroll of fear for 28 gold pieces
 27965 | Bazaar   | Bought a scroll of immolation for 28 gold pieces
 27965 | Bazaar   | Bought a scroll of enchant weapon for 60 gold pieces
 27976 | Bazaar   | Bought a wand of clouds (3) for 210 gold pieces
 27976 | Bazaar   | Bought a wand of flame (8) for 50 gold pieces
 27976 | Bazaar   | Bought a wand of paralysis (5) for 70 gold pieces
 27976 | Bazaar   | Bought a wand of iceblast (2) for 60 gold pieces
 27976 | Bazaar   | Bought a wand of acid (9) for 260 gold pieces
 27976 | Bazaar   | Bought a wand of iceblast (9) for 130 gold pieces
 27976 | Bazaar   | Bought a wand of flame (25) for 135 gold pieces
 28740 | D:11     | Reached XP level 14. HP: 87/122 MP: 1/32
 29692 | D:4      | Bought a Young Poisoner's Handbook for 480 gold pieces
 29697 | D:4      | Learned a level 3 spell: Mephitic Cloud
 30827 | D:13     | Reached skill level 10 in Spellcasting
 30827 | D:13     | Reached skill level 1 in Air Magic
 31547 | D:13     | Found a basalt altar of Yredelemnul.
 32006 | D:14     | Found a gate leading to a gauntlet.
 32019 | Gauntlet | Entered a Gauntlet
 32019 | Gauntlet | Found a transporter.
 32019 | Gauntlet | Found a transporter.
 32021 | Gauntlet | Found a transporter.
 32024 | Gauntlet | Found a transporter.
 32024 | Gauntlet | Found a transporter.
 32026 | Gauntlet | Found a transporter.
 32034 | Gauntlet | Found a transporter.
 32038 | Gauntlet | Found a transporter.
 32048 | Gauntlet | Found a transporter.
 32150 | Gauntlet | Found a transporter.
 32154 | Gauntlet | Found a transporter.
 32169 | Gauntlet | Found a transporter.
 32574 | Gauntlet | Got a pair of bloodstained boots
 32578 | Gauntlet | Identified the +2 pair of boots "Wawegan" {+Blink rPois}
                  | (You found it in a Gauntlet)
 32727 | Gauntlet | Identified the Incunabulum of Shape Shifting and Protection
 32733 | Gauntlet | Got a vibrating brass ring
 32749 | Gauntlet | Identified the +6 plate armour of the Untouchables {+Inv
                  | rC- rN++ Dex+3}
 32815 | Gauntlet | Identified the Handbook of Flamy Weightlessness
 33525 | D:14     | Identified the +6 great sword of Unocka {antimagic, *Contam
                  | Dex+6}
 33550 | D:14     | Noticed Louise
 33558 | D:15     | Entered Level 15 of the Dungeon
 33792 | D:15     | Reached skill level 10 in Dodging
 33813 | D:15     | HP: 3/124 [meliai/divine providence (10)]
 33814 | D:15     | Killed from afar by a meliai

Levels and vault maps discovered:
D:1:      onia_arrival_zoo_common, layout_basic
D:2:      layout_basic
D:3:      layout_basic, ebering_ghost_sewer_d, uniq_robin
D:4:      layout_rooms, tso_altar, minmay_temple_entry_glass, serial_shops,
          nicolae_shop_trees, uniq_pikel
D:5:      layout_gridville, first_ration, kennysheep_diamond, goddamned_bats
D:6:      layout_cave_pools
D:7:      layout_loops_corners, the_bakery, chequers_serial_rivers_micro_b,
          minmay_shattered_shrine
D:8:      layout_cave_pods, serial_column_ruins, column_ruins_hut,
          column_ruins_hut_pillars, column_ruins_open_tiny,
          column_ruins_open_small_water, column_ruins_corridor_T,
          column_ruins_corridor_T, column_ruins_open_tiny_water
D:9:      layout_irregular_city, orc_0_dummy
D:10:     layout_basic, erik_lair_island, minmay_misc_feat_hallway,
          eino_tiny_chamber
D:11:     layout_basic, uniq_josephine
D:12:     layout_gridville, serial_shops, bzr_entry_road
D:13:     layout_cross, basic_altar
D:14:     layout_cave_pods, ximxim_vaults_locker_room, gauntlet_entry_generic,
          statue_in_the_mist_lemuel, minmay_variable_closet, st_stairs_6,
          kennysheep_inner_square, uniq_louise, uniq_agnes
D:15:     grunt_enter_depths_snipers, layout_grid_maze, serial_shops, shop,
          serial_bayou, serial_bayou_pond_c, serial_bayou_pond_e,
          serial_bayou_crossing, serial_bayou_pond_e
Lair:1:   layout_chaotic_city, basic_altar, minmay_holes, serial_bayou_pond_a,
          guppyfry_lair_drakes
Lair:2:   layout_loops_ring, minmay_shoals_entry_centaurs,
          eino_small_chamber_without_monster, lemuel_fruit_fields,
          serial_bayou_shore_a, lemuel_fruit_tree, uniq_maggie
Lair:3:   layout_roguey, nicolae_spider_entry_orb_guardian, minivault_19,
          serial_bayou_pond_d, uniq_gastronok
Lair:4:   gammafunk_lair_enchanted_lake, layout_loops_ring
Lair:5:   beast_lair_carwin_large_1, layout_hall_layers,
          eino_small_chamber_without_monster, grunt_megastairs_4
Lair:6:   evilmike_catoblepas_cave, layout_regular_city,
          minmay_slime_entry_pillars

Skill      XL: |  1  2  3  4  5  6  7  8  9 10 11 12 13 14 |
---------------+-------------------------------------------+-----
Dodging        | 2 3 4 5 6 7 8 10 | 10.0
Spellcasting   | 2 3 4 5 6 7 8 9 10 | 10.0
Conjurations   | 4 5 6 7 8 9 10 11 12 | 12.5
Fighting       | 1 2 3 4 5 6 8 9 10 11 | 11.0
Hexes          | 1 4 6 |  6.0
Translocations | 3 4 |  4.0
Necromancy     | 2 |  2.1
Armour         | 5 7 8 |  8.0
Shields        | 4 |  4.0
Air Magic      | 3 |  3.6
Stealth        | |  1.7

Action                   |  1- 3 |  4- 6 |  7- 9 | 10-12 | 13-15 || total
-------------------------+-------+-------+-------+-------+-------++-------
Melee: Short sword       |    26 |    18 |       |   221 |       ||   265
       Rapier            |       |     4 |       |       |       ||     4
       Long sword        |       |    21 |   105 |   157 |   520 ||   803
Throw: Stone             |     1 |       |     2 |       |       ||     3
       Dart              |       |     6 |    24 |    49 |     5 ||    84
 Cast: Magic Dart        |    75 |    52 |   159 |   150 |    73 ||   509
       Searing Ray       |     5 |    13 |    62 |    58 |    22 ||   160
       Dazzling Flash    |       |       |     4 |     3 |       ||     7
       Iskenderun's Myst |       |       |     6 |    63 |    88 ||   157
       Fulminant Prism   |       |       |     3 |    19 |    38 ||    60
       Apportation       |       |       |       |    17 |     3 ||    20
       Animate Skeleton  |       |       |       |    33 |    48 ||    81
       Mephitic Cloud    |       |       |       |       |    12 ||    12
       Corona            |       |       |       |       |     1 ||     1
Evoke: Wand              |       |       |       |    20 |    25 ||    45
  Use: Scroll            |     2 |     1 |     4 |    19 |    35 ||    61
       Potion            |       |       |       |     2 |     9 ||    11
 Stab: Sleeping          |       |     1 |     2 |     1 |       ||     4
       Invisible         |       |       |     1 |       |     3 ||     4
       Petrifying        |       |       |       |     1 |       ||     1
       Petrified         |       |       |       |     1 |       ||     1
       Distracted        |       |       |       |     7 |     5 ||    12
       Confused          |       |       |       |       |     2 ||     2
  Eat: Chunk             |     4 |     7 |    18 |    25 |    25 ||    79
       Ration            |     1 |       |     2 |     4 |     2 ||     9
Armor: Robe              |     5 |     4 |       |       |       ||     9
       Leather armour    |       |    18 |    81 |     9 |       ||   108
       Troll leather arm |       |       |       |   110 |       ||   110
       Scale mail        |       |       |       |   118 |   387 ||   505
       Acid dragon scale |       |       |       |     6 |       ||     6
Dodge: Dodged            |    40 |    38 |   206 |   466 |   557 ||  1307
Block: Buckler           |       |       |       |     1 |   199 ||   200
       Rpst.: Long sword |       |     5 |    61 |    42 |   126 ||   234

Table legend:
 A = Non-vault XP
 B = Vault XP
 C = Vault XP percentage of total XP
 D = Non-vault monster count
 E = Vault monster count
 F = Vault count percentage of total count
                 A         B        C        D         E       F
            +---------+---------+-------+---------+---------+-------
      Total |   73467 |   32299 |  30.5 |     493 |     121 |  19.7
            +---------+---------+-------+---------+---------+-------
        D:1 |      30 |       0 |   0.0 |      18 |       0 |   0.0
        D:2 |      50 |       0 |   0.0 |      15 |       0 |   0.0
        D:3 |      79 |     707 |  89.9 |      20 |      12 |  37.5
        D:4 |     472 |       0 |   0.0 |      16 |       0 |   0.0
        D:5 |     793 |     289 |  26.7 |      24 |      21 |  46.7
        D:6 |    1228 |      93 |   7.0 |      26 |       1 |   3.7
        D:7 |     719 |     515 |  41.7 |       9 |       9 |  50.0
        D:8 |    1136 |       0 |   0.0 |      22 |       0 |   0.0
        D:9 |    1734 |       0 |   0.0 |      29 |       0 |   0.0
       D:10 |    4545 |     847 |  15.7 |      42 |       7 |  14.3
       D:11 |    4085 |    1897 |  31.7 |      14 |       5 |  26.3
       D:12 |    7588 |       0 |   0.0 |      51 |       0 |   0.0
       D:13 |   10853 |       0 |   0.0 |      41 |       0 |   0.0
       D:14 |    4358 |    1718 |  28.3 |      21 |       5 |  19.2
       D:15 |    4800 |       0 |   0.0 |      15 |       0 |   0.0
     Lair:1 |    3848 |    1576 |  29.1 |      18 |       2 |  10.0
     Lair:2 |    6699 |     731 |   9.8 |      21 |       5 |  19.2
     Lair:3 |    4666 |    2591 |  35.7 |      22 |       3 |  12.0
     Lair:4 |    1877 |     750 |  28.5 |       9 |       3 |  25.0
     Lair:5 |    5112 |    4657 |  47.7 |      23 |      12 |  34.3
     Lair:6 |    8795 |   10892 |  55.3 |      37 |      24 |  39.3
   Gauntlet |       0 |    5036 | 100.0 |       0 |      12 | 100.0
            +---------+---------+-------+---------+---------+-------
